 Dungeon Crawl Stone Soup version 0.30-a0-964-gd452b5e7fa (webtiles) character file.

Game seed: 13067281177908140941

543 vishdafish the Conjurer (level 7, 36/46 HPs)
             Began as a Demonspawn Conjurer on Mar 31, 2023.
             Quit the game on level 5 of the Dungeon.
             The game lasted 00:03:44 (4007 turns).

vishdafish the Conjurer (Demonspawn Conjurer)       Turns: 4007, Time: 00:03:45

Health: 36/46      AC:  4    Str:  7    XL:     7   Next: 6%
Magic:  5/13       EV: 12    Int: 22    God:
Gold:   318        SH:  0    Dex: 11    Spells: 5/14 levels left

rFire   . . .      SeeInvis .    r - +1 dagger (venom)
rCold   . . .      Faith    .    (no shield)
rNeg    . . .      Spirit   .    a - +0 robe
rPois   .          Reflect  .    (no helmet)
rElec   .          Rampage  .    (no cloak)
rCorr   .                        (no gloves)
Will    ++...                    (no boots)
Stlth   ++                       (no amulet)
HPRegen 0.27/turn                c - ring of willpower
MPRegen 0.13/turn                u - ring of willpower

@: no status effects
A: hooves 1, yellow scales 1, powered by death 1, spiny 1
a: no special abilities


You were on level 5 of the Dungeon.
You visited 1 branch of the dungeon, and saw 6 of its levels.

You collected 318 gold pieces.

Inventory:

Hand Weapons
 g - a +0 short sword
 r - a +1 dagger of venom (weapon)
Armour
 a - a +0 robe (worn)
Jewellery
 c - a ring of willpower (left hand)
 q - a ring of protection from fire
 u - a ring of willpower (right hand)
Wands
 m - a wand of iceblast (5)
 o - a wand of acid (17)
Scrolls
 d - 2 scrolls of noise {unknown}
 f - a scroll of fear {unknown}
 h - 2 scrolls of identify {unknown}
 n - 2 scrolls of enchant weapon {unknown}
 p - 2 scrolls of immolation {unknown}
 t - a scroll of poison {unknown}
 w - a scroll of magic mapping {unknown}
Potions
 b - a potion of magic
 e - 2 potions of curing {unknown}
 i - 2 potions of brilliance {unknown}
 j - a potion of haste {unknown}
 k - a potion of cancellation {unknown}
 l - 3 potions of flight {unknown}
 s - a potion of mutation {unknown}
 v - a potion of heal wounds {unknown}


   Skills:
 - Level 1.7 Dodging
 - Level 1.7 Stealth
 + Level 4.3 Spellcasting
 + Level 5.9 Conjurations
 - Level 4.0 Evocations


You had 5 spell levels left.
You knew the following spells:

 Your Spells              Type           Power      Damage    Failure   Level
a - Magic Dart            Conj           100%       1d8       1%          1
b - Fulminant Prism       Conj/Hex       8%         3d7       32%         4
c - Iskenderun's Mystic   Conj/Tloc      17%        2d5       32%         4

Your spell library contained the following spells:

 Spells                   Type           Power      Damage    Failure   Level
 Searing Ray              Conj           60%        2d6       1%          2
 Dazzling Flash           Conj/Hex       34%        N/A       10%         3


Dungeon Overview and Level Annotations

Branches:
Dungeon (6/15)
 Temple: D:4-7

Altars:
Makhleb
Nemelex Xobeh
Sif Muna
Yredelemnul


Innate Abilities, Weirdness & Mutations

You have large cloven feet.
You are partially covered in yellow scales. (AC +2)
You regenerate a little health from kills.
You are partially covered in sharp spines.


Message History

The jelly is heavily wounded.
The jelly hits you. The acid corrodes you!
You are splashed with acid!
The magic dart hits the jelly!
The jelly is almost dead.
The jelly hits you.
You are splashed with acid.
You hit the jelly.
You kill the jelly!
You have reached level 7!
Your demonic ancestry asserts itself...
Sharp spines emerge from parts of your body.
You are no longer corroded.
Found a hand axe.
Found a chain mail.
An orc priest comes into view. It is wielding a +0 flail.
The magic dart hits the orc priest but does no damage.
The orc priest shouts!
An orc comes into view. It is wielding a +1 heavy hand axe.
An orc comes into view. It is wielding a +0 dagger.
The magic dart hits the orc.
The orc is severely wounded.
The orc shouts!
The magic dart hits the orc!
You kill the orc!
The magic dart hits the orc but does no damage.
A worm comes into view.
The magic dart hits the worm.
The worm is lightly wounded.
The orc priest calls down the wrath of Beogh upon you.
Beogh smites you!
You hear a shout!
The magic dart hits the worm.
The worm is moderately wounded.
An orc comes into view. It is wielding a +1 heavy hand axe.
The magic dart hits the orc but does no damage.
The magic dart hits the orc.
The orc is moderately wounded.
The orc completely misses you.
The magic dart hits the orc!
You kill the orc!
Are you sure you want to abandon this character and quit the game? (Confirm with "yes".)

#########....... ..
##............... #.
........##....... #.#
#......<.....>.. ..
#..............#
###.##......##...##.#
.)##...................#
#...o.ow................
#@###.......###..#
#..##.#...........
##......#..##.###.
##..#.#...##.....
#......#.###..#.
.#########..##..###....
.........#..........###
########......#####.#
##...######...#


You could see a worm, an orc priest and an orc.

Vanquished Creatures
  An ice beast (D:6)
  A bullfrog (D:4)
  A scorpion (D:4)
  3 jellies
  3 hounds
  4 gnolls (D:3)
  3 adders
  A shadow imp (D:6)
  A worm (D:4)
  3 dart slugs
  7 orcs
  A bat (D:1)
  7 endoplasms
  3 giant cockroaches
  7 goblins
  4 hobgoblins
  6 kobolds
  2 quokkas
  4 ball pythons
  4 frilled lizards
  A rat (D:2)
  A spectral orc (D:4)
68 creatures vanquished.

Notes
Turn   | Place    | Note
-------+----------+-------------------------------------------
     0 | D:1      | vishdafish the Demonspawn Conjurer began the quest for the
                  | Orb.
     0 | D:1      | Reached XP level 1. HP: 13/13 MP: 3/3
   611 | D:1      | Gained mutation: You regenerate a little health from kills.
                  | [demonic ancestry]
   611 | D:1      | Reached XP level 2. HP: 19/19 MP: 0/5
  1334 | D:2      | Reached XP level 3. HP: 15/24 MP: 7/7
  1530 | D:3      | You fall into a shaft and drop 3 floors!
  1530 | D:6      | Found a sparkling altar of Nemelex Xobeh.
  1757 | D:6      | Noticed an ice beast
  1763 | D:6      | Killed an ice beast
  1764 | D:6      | Reached skill level 5 in Conjurations
  1764 | D:6      | Gained mutation: You have large cloven feet. [demonic
                  | ancestry]
  1764 | D:6      | Reached XP level 4. HP: 30/30 MP: 3/9
  1764 | D:6      | Reached XP level 5. HP: 35/35 MP: 3/10
  1851 | D:5      | Entered Level 5 of the Dungeon
  1851 | D:5      | Found a shimmering blue altar of Sif Muna.
  2538 | D:3      | Reached skill level 1 in Evocations
  2577 | D:3      | Gained mutation: You are partially covered in yellow
                  | scales. (AC +2) [demonic ancestry]
  2577 | D:3      | Reached XP level 6. HP: 41/41 MP: 5/12
  3334 | D:4      | Learned a level 4 spell: Fulminant Prism
  3339 | D:4      | Learned a level 4 spell: Iskenderun's Mystic Blast
  3474 | D:4      | Found a burning altar of Makhleb.
  3784 | D:4      | Found a basalt altar of Yredelemnul.
  3885 | D:5      | Gained mutation: You are partially covered in sharp spines.
                  | [demonic ancestry]
  3885 | D:5      | Reached XP level 7. HP: 26/46 MP: 7/13
  4007 | D:5      | Quit the game

Illustrated notes

Levels and vault maps discovered:
D:1:      psy_arrival_spokes, layout_basic, nrook_loot_triangle
D:2:      layout_basic
D:3:      layout_basic, corner_web_ring, minmay_misc_feat_secret_circle
D:4:      layout_rooms, mainiacjoe_overflow_catwalk,
          yredelemnul_forgotten_temple_becter, chequers_serial_rivers_micro_e
D:5:      layout_rooms, general_overflow_altar
D:6:      layout_basic, mainiacjoe_overflow_chevrons, lemuel_crystal_altar,
          minmay_temple_entry_mini_moons, nicolae_ossuary_entry_plus

Skill      XL: |  1  2  3  4  5  6 |
---------------+-------------------+-----
Spellcasting   | 3 4 |  4.3
Conjurations   | 5 |  5.9
Evocations     | 1 4 |  4.0
Dodging        | |  1.7
Stealth        | |  1.7

Action                     |  1- 3 |  4- 6 |  7- 9 || total
---------------------------+-------+-------+-------++-------
  Melee: Unarmed           |     5 |       |       ||     5
         Short sword       |    70 |     1 |       ||    71
         Punch             |     1 |       |       ||     1
         Dagger            |       |    26 |       ||    26
         Kick              |       |     9 |       ||     9
   Cast: Magic Dart        |    33 |    98 |     9 ||   140
  Evoke: Wand              |     2 |     1 |       ||     3
   Stab: Sleeping          |     2 |       |       ||     2
 Armour: Robe              |    15 |    11 |       ||    26
  Dodge: Dodged            |    46 |    26 |     1 ||    73

Table legend: (Time is in decaauts)
 A = Elapsed time spent in this place.
 B = Non-inter-level travel time spent in this place.
 C = Inter-level travel time spent in this place.
 D = Time resting spent in this place.
 E = Time spent auto-exploring this place.
 F = Levels seen in this place.
 G = Mean time per level.
                   A        B        C        D        E       F      G
               +--------+--------+--------+--------+--------+-----+--------+
         Total |   4004 |   3841 |    163 |      0 |   3393 |   6 |  667.3 |
       Dungeon |   4004 |   3841 |    163 |      0 |   3393 |   6 |  667.3 |
               +--------+--------+--------+--------+--------+-----+--------+

Top non-repeatable levels by time:
     D:3: 1164 daAuts
     D:4: 888 daAuts
     D:1: 879 daAuts
     D:2: 524 daAuts
     D:6: 320 daAuts
     D:5: 226 daAuts
